 Dungeon Crawl Stone Soup version 0.27.1-2-g3b301248ec (webtiles) character file.

Game seed: 6151199649125731402

197 GravelGoth the Scratcher (level 5, -2/22 HPs)
             Began as a Felid Transmuter on Sept 27, 2021.
             Slain by an orc (5 damage)
             ... on level 3 of the Dungeon.
             The game lasted 00:09:51 (3898 turns).

GravelGoth the Scratcher (Felid Transmuter)         Turns: 3898, Time: 00:09:51

Health: -2/22      AC:  1    Str:  4 (7)  XL:     5   Next: 46%
Magic:  9/10       EV: 18    Int: 12 (14) God:
Gold:   138        SH:  0    Dex: 14 (17) Spells: 6/9 levels left
                                        Lives:  0   Deaths: 1

rFire    . . .     SeeInvis +     - Unarmed
rCold    . . .     Faith    .   (shield unavailable)
rNeg     . . .     Spirit   .   (armour unavailable)
rPois    .         Reflect  .   (helmet unavailable)
rElec    .         Harm     .   (cloak unavailable)
rCorr    .         Rampage  .   (gloves unavailable)
Will     .....                  (boots unavailable)
Stlth    ++........             (no amulet)
HPRegen  0.07/turn              (no ring)
MPRegen  0.12/turn              (no ring)

@: brilliant, appendages, flying, quick
A: horns 2, very small, claws 1, fangs 3, see invisible, speed 1, shaggy fur 1,
stealthy paws, no weapons or thrown items, no armour, multi-lived
a: End Transformation


You were on level 3 of the Dungeon.
You had temporarily grown beastly horns.
You visited 1 branch of the dungeon, and saw 3 of its levels.

You collected 138 gold pieces.

Inventory:

Scrolls
 a - a scroll of blinking {unknown}
 c - a scroll of noise {unknown}
 d - a scroll of amnesia {unknown}
 h - a scroll of identify {unknown}
 i - a scroll of fog {unknown}


   Skills:
 + Level 1.4 Fighting
 + Level 3.8 Dodging
 + Level 2.6 Stealth
 + Level 5.3 Unarmed Combat
 + Level 2.8 Spellcasting
 + Level 3.2 Transmutations
 * Level 0.2 Ice Magic


You had 6 spell levels left.
You knew the following spells:

 Your Spells              Type           Power      Damage    Failure   Level
a - Beastly Appendage     Tmut           28%        N/A       7%          1
b - Wereblood             Tmut           14%        N/A       11%         2

Your spell library contained the following spells:

 Spells                   Type           Power      Damage    Failure   Level
 Spider Form              Tmut/Pois      4%         N/A       36%         3
 Ozocubu's Armour         Ice            3%         N/A       56%         3
 Ice Form                 Ice/Tmut       8%         N/A       77%         4
 Metabolic Englaciation   Hex/Ice        1%         N/A       100%        5
 Simulacrum               Ice/Necr       1%         N/A       100%        6


Dungeon Overview and Level Annotations

Branches:
Dungeon (3/15)

Altars:

Shops:
D:1 *

Annotations:
D:2 Natasha


Innate Abilities, Weirdness & Mutations

You have temporarily grown beastly horns.
You have sharp claws.
You have razor-sharp teeth.
You have supernaturally acute eyesight. (SInv)
You cover ground quickly. (Speed+)
You are covered in fur. (AC +1)
Your paws help you pounce on unaware monsters.
You are incapable of wielding weapons or throwing items.
You cannot wear armour.
You gain extra lives every three experience levels.


Message History

You completely miss the orc wizard. Your headbutt misses the orc wizard.
The orc wizard is heavily wounded.
The orc wizard completely misses you.
You scratch the orc wizard. Your claw misses the orc wizard.
The orc wizard is severely wounded.
You claw the orc wizard!
You feel a bit better.
You kill the orc wizard!
Your horns disappear.
Your primal bloodlust is almost over.
You hear a shout!
Okay, then.
It was a potion of cancellation.
Your magical effects are unravelling.
You feel magically purged.
Your primal bloodlust has ended.
The orc closely misses you.
It was a potion of flight.
You feel very buoyant.
You fly up into the air.
The orc misses you.
It was a potion of brilliance.
You feel clever all of a sudden. The orc misses you.
It was a potion of degeneration.
There was something very wrong with that liquid.
You feel weakened.
You feel dopey.
You feel clumsy. The orc hits you with a +0 short sword.
* * * LOW HITPOINT WARNING * * *
Casting: Wereblood (safe; 11% risk of failure)
Confirm with . or Enter, or press ? or * to list all spells.
You feel a surge of power!
You grow a pair of large bovine horns.
The orc misses you.
You scratch the orc but do no damage. Your headbutt misses the orc.
The orc barely misses you.
You scratch the orc.
The orc is heavily wounded.
The orc barely misses you.
You claw the orc!
You kill the orc!
You completely miss the orc.
The orc hits you with a +1 dagger of draining.
You die...

................###.#
#.#.....######## # #
##...## #. ##.##
#.###.# ####.....#
.........# #######o##
#@#.## #.###o## #.#
##o# #.# ##o...# ##
###)o.. ##


You could see an orc.

Vanquished Creatures
  3 wights (D:3)
  A bullfrog zombie (D:3)
  A hound (D:3)
  An orc wizard (D:3)
  3 adders
  A worm (D:3)
  2 dart slugs
  4 orcs (D:3)
  6 endoplasms
  6 goblins
  9 jackals
  2 ball pythons
  7 bats
  2 frilled lizards
  11 kobolds
  8 rats
67 creatures vanquished.

Vanquished Creatures (others)
  4 plants (D:1)
4 creatures vanquished.

Grand Total: 71 creatures vanquished

Notes
Turn   | Place    | Note
-------+----------+-------------------------------------------
     0 | D:1      | GravelGoth the Felid Transmuter began the quest for the
                  | Orb.
     0 | D:1      | Reached XP level 1. HP: 9/9 MP: 4/4
   537 | D:1      | Reached XP level 2. HP: 12/12 MP: 6/6
  1254 | D:1      | Found Riecwux's General Store.
  1266 | D:1      | Learned a level 2 spell: Wereblood
  1760 | D:2      | Reached XP level 3. HP: 15/15 MP: 7/7
  2359 | D:2      | Reached skill level 1 in Stealth
  2517 | D:2      | Reached XP level 4. HP: 18/19 MP: 8/8
  2557 | D:2      | Reached skill level 4 in Unarmed Combat
  2829 | D:2      | Found a faded altar of an unknown god.
  2852 | D:2      | Noticed Natasha
  3324 | D:3      | Reached XP level 5. HP: 19/22 MP: 6/9
  3458 | D:3      | Reached skill level 5 in Unarmed Combat
  3524 | D:3      | Slain by a wight
  3525 | D:3      | Reached XP level 4. HP: -3/18 MP: 8/9
  3582 | D:3      | Reached XP level 5. HP: 10/22 MP: 10/10
  3898 | D:3      | Slain by an orc

Illustrated notes

Levels and vault maps discovered:
D:1:      tarquinn_simple_flora_water_b, layout_basic, serial_shops, shop
D:2:      layout_basic, dilly_ecumenical_altar_fadedgnrine, uniq_natasha
D:3:      layout_loops_ring

Skill      XL: |  1  2  3  4  5 |
---------------+----------------+-----
Dodging        | 3 |  3.8
Stealth        | 1 2 |  2.6
Unarmed Combat | 4 5 |  5.3
Transmutations | 3 |  3.2
Fighting       | |  1.4
Spellcasting   | |  2.8
Ice Magic      | |  0.2

Action                   |  1- 3 |  4- 6 || total
-------------------------+-------+-------++-------
Melee: Unarmed           |   112 |   108 ||   220
       Bite              |     8 |    13 ||    21
       Headbutt          |     3 |     6 ||     9
 Cast: Beastly Appendage |     7 |     8 ||    15
       Wereblood         |     3 |     4 ||     7
  Use: Potion            |       |     4 ||     4
 Stab: Sleeping          |     4 |     2 ||     6
Armor: Skin              |     7 |     2 ||     9
Dodge: Dodged            |    78 |    74 ||   152
